[Event "IX Famalicao Open 2022"]
[Site "Vila Nova de Famalicao"]
[Date "2022.07.29"]
[Round "8.4"]
[White "Petkov, Vladimir"]
[Black "Das, Sayantan"]
[Result "0-1"]
[ECO "A05"]
[WhiteElo "2470"]
[BlackElo "2449"]
[Annotator "TA"]
[PlyCount "110"]
[EventDate "2022.07.25"]
[EventType "tourn"]
[EventCountry "POR"]
[SourceTitle "playchess.com"]
[Source "ChessBase"]
[SourceQuality "1"]
[TimeControl "5400+30"]

1. Nf3 Nf6 2. g3 g6 3. Bg2 Bg7 4. O-O c5 5. c3 O-O 6. d4 Na6 7. Re1 d5 {A49: 1 d4 Nf6 2 Nf3 g6 3 g3: Anti-King's Indian systems.} 8. Bf4 Qb6 9. Qb3 {[#]} h6 $146 {The position is equal.} ({Predecessor:} 9... Bf5 10. Nbd2 Rfc8 11. Qxb6 axb6 12. Be5 Ne4 13. Bxg7 Kxg7 14. e3 b5 15. Nxe4 Bxe4 {1-0 (58) Atalik,E (2462)-Abdumalik,Z (2465) Moscow 2019}) 10. Nbd2 Bf5 11. Be5 Rfd8 12. dxc5 Nxc5 13. Qxb6 axb6 14. Nd4 Ncd7 (14... Bc8 $11) 15. Bf4 ({Much worse is} 15. Nxf5 Nxe5 16. Nd4 (16. Nxe7+ Kf8 $15) 16... e6 $11) (15. Bxf6 $5 Nxf6 16. Nxf5 gxf5 17. Nf3 $11) 15... e5 16. Nxf5 gxf5 17. Be3 Nc5 18. Nf3 Nfe4 19. Nh4 (19. Red1 $16) 19... f4 20. Bxc5 bxc5 21. Nf5 fxg3 22. hxg3 Nf6 23. Red1 ({White should play} 23. c4 $1 $16) 23... Bf8 24. a4 c4 25. b3 cxb3 26. Rdb1 Ra7 27. Rxb3 Rda8 28. Rb5 e4 29. a5 Ra6 30. Rxb7 {Threatens to win with Rb5.} Rxa5 31. Rxa5 Rxa5 32. Rb8 h5 33. Rc8 Ra1+ 34. Bf1 Rc1 35. e3 Ng4 36. Ne7+ Kg7 37. Nxd5 Rc2 38. Nf4 Nxf2 39. Nxh5+ Kg8 40. Bc4 Ng4 41. Bb3 Rb2 42. Rb8 Rb1+ 43. Kg2 {[%cal Ob3f7] Hoping for Bxf7+!} Nxe3+ 44. Kf2 Nd1+ 45. Kg2 {[%cal Ob3f7] Black must now prevent Bxf7+!} Nxc3 46. Nf6+ (46. Rb7 $11) 46... Kg7 $15 47. Nh5+ Kh6 {Black is more active.} 48. g4 $2 {[#]} (48. Rxf8 $15 Rxb3 49. g4) 48... Bc5 $2 (48... Bd6 $1 $19 49. Rh8+ Kg5) 49. Ng3 $2 (49. Rh8+ $11 Kg5 50. Kh3 Rh1+ 51. Kg2) 49... Rg1+ $19 50. Kh3 {[#]} Rxg3+ $1 51. Kxg3 (51. Kh2 Rxg4) 51... Bd6+ 52. Kh4 Bxb8 53. Bxf7 Bf4 (53... e3 $142 54. g5+ Kg7 55. Bc4 e2 56. Bxe2 Nxe2 57. Kg4 Nd4 58. Kh5 Be5 59. g6 Kf6 60. Kh4 Kxg6 61. Kh3 Kg5 62. Kg2 Bg7 63. Kh1 Ne2 64. Kh2 Kg4 65. Kg2 Nd4 66. Kh2 Kf3 67. Kh3 Nf5 68. Kh2 Ne3 69. Kh1 Bd4 70. Kg1 Bh8 71. Kh1 Bd4 72. Kh2 Bf6 73. Kh3 Nf5 74. Kh2 Be5+ 75. Kh1 Nd4 76. Kg1 Nb3 77. Kh1 Nd2 78. Kg1 Bf4 79. Kh1 Be5 80. Kg1 Bh8 81. Kh2 Bf6 82. Kh3 Ne4 83. Kh2 Bd4 84. Kh3 Be5 85. Kh4 Bg3+ 86. Kh5 Kf4 87. Kg6 Bh4 88. Kh5 Be7 89. Kh6 Kf5 90. Kg7 Bf6+ 91. Kh6 Bg5+ 92. Kg7 Nd6 93. Kg8 Kg6 94. Kf8 Bf6 95. Kg8 Be7 96. Kh8 Nf7+ 97. Kg8 Nh6+ 98. Kh8 Bf6#) 54. Bc4 Kg6 55. Ba6 Kf6 {Weighted Error Value: White=0.45/Black=0.34} 0-1

[Event "IX Famalicao Open 2022"]
[Site "Vila Nova de Famalicao"]
[Date "2022.07.29"]
[Round "8.5"]
[White "Umetsubo, Cesar Hidemitsu"]
[Black "Akhvlediani, Irakli"]
[Result "0-1"]
[ECO "E20"]
[WhiteElo "2405"]
[BlackElo "2429"]
[Annotator "TA"]
[PlyCount "68"]
[EventDate "2022.07.25"]
[EventType "tourn"]
[EventCountry "POR"]
[SourceTitle "playchess.com"]
[Source "ChessBase"]
[SourceQuality "1"]
[TimeControl "5400+30"]

1. d4 Nf6 2. c4 e6 3. Nc3 Bb4 4. f3 c5 5. d5 O-O 6. e4 b5 {[%emt 0:00:37] E20: Nimzo-Indian: 4 g3 and 4 f3.} 7. Bg5 ({Of course not} 7. cxb5 exd5 8. exd5 Re8+ 9. Kf2 d6 $15) 7... h6 8. Bh4 exd5 {[%emt 0:09:38] The position is equal.} 9. cxd5 Re8 {[%emt 0:00:31][%cal Of6e4] [#] Threatens to win with ...Nxe4!} 10. Bxf6 $146 (10. Be2 $11 {remains equal.}) ({Predecessor:} 10. Nge2 d6 11. Bf2 Nbd7 12. g3 Ba5 13. Bg2 b4 14. Na4 Ba6 15. Be3 b3+ 16. Nac3 bxa2 {0-1 (34) Juksta,K (2366)-Meskovs,N (2582) Panevezys 2020}) 10... Qxf6 $17 11. Bxb5 Bxc3+ 12. bxc3 Qxc3+ 13. Kf1 Ba6 14. Bxa6 (14. a4 $17 {was called for.}) 14... Nxa6 $19 15. Ne2 {[%emt 0:02:13] [#]} Qf6 16. Kg1 Rab8 17. h3 Rb2 {[%emt 0:00:41][%cal Ob2e2] Strongly threatening ...Rxe2!} 18. Kh2 Qe5+ (18... Nb4 $19 {And now ...Qe5+ would win.} 19. Rg1 Qd6+ 20. Ng3 Nc2) 19. Ng3 $17 g5 {[%emt 0:04:07] 0x0.0002df0172e1dp-1022s more active pieces.} 20. Rb1 $2 {[%emt 0:07:51] [#] This move loses the game for White.} (20. Rg1 $17) 20... Reb8 $1 $19 ({Worse is} 20... Rxa2 21. Ra1 Rb2 22. Rxa6 $15) 21. Rxb2 Rxb2 22. Qa1 $2 (22. Rg1 {is the only way for White.} Rxa2 23. f4 gxf4 24. Qg4+ Kh7 25. Nf5) 22... d6 23. Rf1 Nb4 24. Kh1 (24. a4 {was worth a try.} c4 25. Qc1) 24... Nd3 25. Nf5 Nf2+ 26. Rxf2 Rxf2 {[%emt 0:00:02][%mdl 4096] Endgame KQR-KQN} 27. Qb1 Rb2 28. Qa1 Qc3 {[%emt 0:00:27] aiming for ...Qc2.} 29. Qf1 Rxa2 {[%emt 0:00:22] White must now prevent ...Ra1.} 30. Qb5 Ra1+ 31. Kh2 Qe5+ 32. g3 Ra2+ 33. Kh1 Qa1+ 34. Qb1 Qxb1# {[%emt 0:00:03] Weighted Error Value: White=1.10/Black=0.09 (flawless)} 0-1

[Event "IX Famalicao Open 2022"]
[Site "Vila Nova de Famalicao"]
[Date "2022.07.29"]
[Round "8.6"]
[White "Akshit Kumar J"]
[Black "Spraggett, Kevin"]
[Result "0-1"]
[ECO "B84"]
[WhiteElo "2103"]
[BlackElo "2487"]
[Annotator "TA"]
[PlyCount "44"]
[EventDate "2022.07.25"]
[EventType "tourn"]
[EventCountry "POR"]
[SourceTitle "playchess.com"]
[Source "ChessBase"]
[SourceQuality "1"]
[TimeControl "5400+30"]

1. e4 c5 2. Nf3 d6 3. d4 cxd4 4. Nxd4 Nf6 5. Nc3 a6 6. Be2 e6 7. Be3 Qc7 8. f4 Be7 9. O-O O-O 10. Kh1 b5 11. a3 Bb7 12. Bf3 Nbd7 {B85: Sicilian Scheveningen: 6 Be2 a6, lines with early Be3.} 13. Nb3 Rac8 14. g4 d5 {[#] Black is slightly better.} 15. exd5 $146 ({Predecessor:} 15. e5 Ne4 16. Bd4 Nb6 17. Na5 Ba8 18. Qe1 Na4 19. Nxa4 bxa4 20. Rc1 Bc5 21. Bxc5 Qxc5 {0-1 (27) Lang,G-Barczay,L (2405) Sarvar 1998}) 15... Nxd5 16. Nxd5 exd5 17. g5 ({Much weaker is} 17. Bxd5 {[#]} Ne5 $1 18. Bg2 (18. fxe5 $2 Rfd8 $19) 18... Bxg2+ 19. Kxg2 Qxc2+ 20. Qxc2 Rxc2+ 21. Kg3 Rxb2 $17) (17. c3 $11) 17... Rfe8 $1 $15 ({But not} 17... Qxc2 18. Bxd5 Qc7 19. Rc1 $11) 18. Bxd5 Bxa3 19. Rxa3 (19. Bxb7 $142 Qxb7+ 20. Qf3 Qxf3+ 21. Rxf3 Bxb2 22. Rxa6) 19... Rxe3 $17 20. Qd2 $2 (20. Bxb7 $17 Qxb7+ 21. Kg1) 20... Qc4 $19 21. Rd1 Bxd5+ 22. Qxd5 {[#]} Re1+ $3 {[%mdl 512] Weighted Error Value: White=1.66/Black=0.03 (flawless)} 0-1

[Event "IX Famalicao Open 2022"]
[Site "Vila Nova de Famalicao"]
[Date "2022.07.29"]
[Round "8.7"]
[White "Rodriguez Lopez, Rafael"]
[Black "Campora, Daniel H."]
[Result "1-0"]
[ECO "B04"]
[WhiteElo "2172"]
[BlackElo "2397"]
[Annotator "TA"]
[PlyCount "111"]
[EventDate "2022.07.25"]
[EventType "tourn"]
[EventCountry "POR"]
[SourceTitle "playchess.com"]
[Source "ChessBase"]
[SourceQuality "1"]
[TimeControl "5400+30"]

1. e4 Nf6 2. e5 Nd5 3. d4 d6 4. Nf3 Nc6 5. c4 Nb6 6. e6 fxe6 7. Nc3 g6 {[%emt 0:04:49] The main line 7...g6 scores better than 7...e5.} 8. h4 {[%emt 0:00:24] White is more active. B04: Alekhine's Defence: 4 Nf3.} Bg7 9. Be3 $1 e5 10. d5 {[%emt 0:00:14] White is slightly better.} Nd4 11. Nxd4 exd4 12. Bxd4 O-O 13. Bxg7 Kxg7 14. h5 e5 15. hxg6 hxg6 {[%emt 0:00:14] [#]} 16. Qd2 $146 {[%emt 0:00:06] White threatens Qh6+ and mate.} ({Predecessor:} 16. Qe2 Bd7 17. Qe3 Rh8 18. Rxh8 Qxh8 19. c5 Na4 20. cxd6 cxd6 21. Ne4 Qh4 22. g3 {1-0 (44) Gutsche,D (2507)-Wigbout,M (2309) ICCF email 2003}) 16... Rh8 {[%emt 0:00:29] Prevents Qh6+.} 17. Rxh8 Qxh8 18. Qg5 Bd7 19. c5 dxc5 20. Qxe5+ Kf7 21. Qf4+ (21. Qxc7 $2 Re8+ 22. Ne2 Qxb2 23. Qf4+ Bf5 $19) 21... Kg8 ({Black should try} 21... Kg7 $14) 22. O-O-O $16 {[%emt 0:00:35] White leaves nothing to chance now.} Rf8 23. Qe3 Qh4 24. g3 Qb4 {[%emt 0:01:21] [#]} (24... Qf6 $16 {is a better defense.}) 25. Bd3 $2 (25. d6 $1 $18 ) 25... Nc4 $2 (25... Qd4 $16) 26. Bxc4 $18 Qxc4 27. Qe7 (27. Qh6 $142 Rxf2 28. Qxg6+ Kf8 29. Qh6+ Kg8 30. d6) 27... Bg4 (27... Rf7 $2 28. Qd8+ Kg7 29. Rh1 $18) 28. Rh1 $40 {[%emt 0:01:05][%csl Gh1][%cal Re7h7][%mdl 128] White goes for the king.} Bh5 29. Qe6+ ({Weaker is} 29. Qxc7 b5 $11) 29... Kg7 (29... Rf7 $142 30. Rg1 Kf8) 30. Qe5+ Kg8 {[%emt 0:00:05] [#]} 31. f4 (31. Qxc7 b5 $11) 31... Qd4 32. Qe6+ (32. Qxc7 Qe3+ 33. Kb1 Qxg3 $16) 32... Kg7 33. Ne4 {[%emt 0:00:43] Threatens to win with Ng5.} Qe3+ $2 (33... Rf5 34. Ng5 Qc4+ 35. Kb1 Qd3+ 36. Ka1 Qxd5 37. Qe7+ Rf7 38. Qxf7+ (38. Ne6+ Kh6 $16) 38... Qxf7 39. Nxf7 Kxf7) 34. Kb1 Qf3 35. Qe5+ Kh6 36. Re1 {[%emt 0:01:46] Strongly threatening Qe7.} Qg4 37. Nxc5 $2 (37. Qe7 Qf5 38. Ka1) 37... Qf5+ 38. Kc1 Bf3 $2 (38... Qxe5 39. Rxe5 (39. fxe5 Rd8 $16) 39... Rf7 40. Nxb7 Bf3) 39. Ne6 Qxe5 40. Rxe5 {[%emt 0:00:12][%mdl 4096] Endgame KRB-KRN} (40. fxe5 Rc8 $14) 40... Rc8 41. Kd2 Bg4 42. Ke3 {[%emt 0:00:25] Black must now prevent Ng5.} Bf5 43. Kf3 {[%emt 0:00:34] aiming for g4.} Kh7 44. g4 Bb1 45. a3 Kg8 46. Kg3 Kf7 47. b4 Ba2 48. Ng5+ Kf8 49. Kh4 Kg8 50. Ne6 Kf7 51. Kg5 c6 $2 (51... b6 {was called for.} 52. f5 gxf5 53. Kxf5 (53. Rxf5+ Ke7 $16) 53... Bc4) 52. Nc5 Bxd5 53. Nxb7 {[%emt 0:00:10] White wants to mate with Nd6+.} Rg8 54. Nd6+ Kg7 55. Re7+ Kh8 56. Rxa7 {[%emt 0:00:23] Weighted Error Value: White=0.40/Black=0.64} 1-0

[Event "IX Famalicao Open 2022"]
[Site "Vila Nova de Famalicao"]
[Date "2022.07.29"]
[Round "8.8"]
[White "Dias, Paulo"]
[Black "Monteiro, Paulo Alexandre G"]
[Result "0-1"]
[ECO "E63"]
[WhiteElo "2348"]
[BlackElo "1980"]
[Annotator "TA"]
[PlyCount "100"]
[EventDate "2022.07.25"]
[EventType "tourn"]
[EventCountry "POR"]
[SourceTitle "playchess.com"]
[Source "ChessBase"]
[SourceQuality "1"]
[TimeControl "5400+30"]

1. d4 Nf6 2. c4 g6 3. Nf3 Bg7 4. g3 O-O 5. Bg2 d6 6. O-O Nc6 7. Nc3 a6 8. e4 Bg4 9. Be3 Nd7 10. Qd2 Bxf3 {E63: King's Indian: Fianchetto: Panno Variation with 7...a6.} 11. Bxf3 e5 12. d5 Nd4 {White has an edge.} 13. Bg2 c5 14. dxc6 $1 bxc6 15. f4 Rb8 16. f5 Qa5 {[#]} 17. Kh1 $146 ({Predecessor:} 17. Rac1 Qc5 18. Rf2 Qxc4 19. Nd5 Qxa2 20. Ne7+ Kh8 21. Nxc6 Rbc8 22. Nxd4 Rxc1+ 23. Qxc1 exd4 {½-½ (36) Petzold,G (2233)-Juhnke,J (2273) Germany 2012}) 17... Rb7 18. g4 Bf6 19. g5 Bd8 20. f6 Bb6 21. Bh3 Re8 (21... Nc5 $11 {is more appropriate.}) 22. Rae1 (22. Qg2 $14 Rd8 23. Bd2) 22... Bc5 $11 23. Qf2 Reb8 (23... h5 $15 {might be stronger.} 24. gxh6 Kh7) 24. Qh4 {Threatening mate with Qh6.} Qd8 (24... Rxb2 25. Qh6 $1) (24... h5 $6 25. gxh6 Kh7 26. Bxd7 Rxd7 27. Qg4 $17) 25. Bc1 Nb6 26. b3 a5 27. Bg4 Kh8 28. Re3 a4 29. Rh3 ({Of course not} 29. Nxa4 Nxa4 30. bxa4 Rb4 $15) 29... Qg8 30. Ne2 axb3 31. axb3 Nxe2 32. Bxe2 Nd7 33. Bd1 Ra8 34. Bg4 Ra1 35. Rd1 Bd4 {White must now prevent ...Nc5.} 36. Be3 (36. Qe1 $11) 36... Rxd1+ $17 37. Bxd1 Ra7 $1 38. Bg4 Nc5 $1 39. Bxd4 exd4 40. Be2 (40. b4 $17 Nxe4 41. Bd7) 40... Ra1+ (40... Ra2 $19 41. Bf1 h5) 41. Kg2 Ra2 42. Kf1 Ra1+ (42... Rb2 $17 43. Ke1 Nd7) 43. Kf2 $2 (43. Kg2 $1 $11 {and White is okay.}) 43... Ra2 $2 ({Black should play} 43... Rb1 $1 $19 44. Kg2 Rb2) 44. b4 $2 (44. Kf1 $11 {and White stays safe.}) 44... d3 $1 $19 45. bxc5 dxe2 {[%mdl 8192] [#]} (45... Rxe2+ $19 46. Kf1 Ra2 47. Rxd3 Qb8) 46. cxd6 $4 {[%mdl 8192] [#] KQR-KQR} (46. Qh6 $1 $18 {was the only winning move.} e1=R+ 47. Kxe1 Ra1+ 48. Kf2 Ra2+ 49. Kf1 Ra1+ 50. Ke2 Ra2+ 51. Kd1 Ra1+ 52. Ke2 Ra2+ 53. Ke1 Ra1+ 54. Ke2) 46... h5 $1 47. Rd3 $2 (47. gxh6 {is a self mate.} e1=Q+ 48. Kf3 Qf1+ 49. Ke3 Qb8 50. c5 Ra3+ 51. Kd4 Qb4+ 52. Ke5 Qxc5#) (47. Re3 $19 e1=R+ 48. Kxe1) 47... Qb8 {Black mates.} 48. Kf3 Qb1 49. Re3 Qf1+ 50. Qf2 e1=Q {[%mdl 64] Pin.  Weighted Error Value: White=0.54/Black=0.28 (precise)} 0-1

[Event "IX Famalicao Open 2022"]
[Site "Vila Nova de Famalicao"]
[Date "2022.07.29"]
[Round "8.9"]
[White "Almeida, Joao Pedro Dias"]
[Black "Borges, Guilherme Deola"]
[Result "0-1"]
[ECO "A43"]
[WhiteElo "1695"]
[BlackElo "2185"]
[Annotator "TA"]
[PlyCount "59"]
[EventDate "2022.07.25"]
[EventType "tourn"]
[EventCountry "POR"]
[SourceTitle "playchess.com"]
[Source "ChessBase"]
[SourceQuality "1"]
[TimeControl "5400+30"]

1. d4 Nf6 2. c4 c5 3. d5 d6 4. Nc3 g6 5. e4 Bg7 6. h3 O-O 7. Nf3 e5 8. Bd3 Nh5 {[%emt 0:06:05] E90: King's Indian: Classical: Early deviations and 6 h3.} 9. Bg5 f6 10. Be3 Nd7 {[%emt 0:01:19] [#]} (10... Nf4 $14) 11. Nb5 $146 (11. g3 $1 $16) ({Predecessor:} 11. g3 a6 12. Nh4 Bh8 13. Nf5 gxf5 14. Qxh5 fxe4 15. Nxe4 f5 16. Nxd6 e4 17. Be2 Bxb2 {0-1 (49) Goormachtigh,J (2300)-Vandevoort,P (2250) Ghent 1992}) 11... Qb6 12. a4 Nb8 13. Nh2 (13. Qd2 $16) 13... Na6 $11 14. Ng4 ({Better is} 14. Bb1) 14... Nb4 (14... Nf4 $5 15. O-O (15. Bxf4 exf4 16. O-O Nb4 $15) 15... Nb4 $11) 15. Nh6+ (15. Bb1 $11) 15... Kh8 $15 {[%emt 0:00:58] [#] Hoping for ...a6.} 16. Nf5 $2 Nxd3+ 17. Qxd3 gxf5 18. exf5 Nf4 19. Qe4 (19. Bxf4 {was forced.} exf4 20. O-O) 19... a6 $19 20. a5 $2 (20. Nc3) 20... Qd8 $2 (20... axb5 21. axb6 Rxa1+ 22. Kd2 Rxh1) 21. Nc3 Nxg2+ 22. Qxg2 Bxf5 23. h4 Bd3 $36 {[%emt 0:03:01][%mdl 2048] Black is on the roll.} 24. b3 $2 {[%emt 0:04:22] This move loses the game for White.} (24. Rg1 $17 Rf7 25. Qh3) 24... f5 25. Bg5 Qc7 {[%emt 0:01:11] Black is clearly winning.} 26. Ra2 b5 27. cxb5 axb5 {[%emt 0:00:11] And now ...e4 would win.} 28. Kd2 e4 29. a6 Qf7 {[%emt 0:03:15] aiming for ...Bxc3+.} 30. Rg1 {[%emt 0:01:06] Weighted Error Value: White=1.07/Black=0.52} 0-1

[Event "IX Famalicao Open 2022"]
[Site "Vila Nova de Famalicao"]
[Date "2022.07.29"]
[Round "8.10"]
[White "Paulino, Jose"]
[Black "Goncalves, Samuel Jesus P"]
[Result "0-1"]
[ECO "D10"]
[WhiteElo "2032"]
[BlackElo "1957"]
[Annotator "TA"]
[PlyCount "72"]
[EventDate "2022.07.25"]
[EventType "tourn"]
[EventCountry "POR"]
[SourceTitle "playchess.com"]
[Source "ChessBase"]
[SourceQuality "1"]
[TimeControl "5400+30"]

1. d4 d5 2. c4 c6 3. Nf3 Nf6 4. cxd5 cxd5 5. Nc3 Nc6 6. Bf4 Ne4 7. e3 e6 {[%emt 0:00:08] D13: Slav Defence: Exchange variation without ...Bf5.} 8. Nxe4 dxe4 9. Nd2 Bb4 {[%emt 0:00:11] White is slightly better.} 10. a3 Bxd2+ 11. Qxd2 {[%emt 0:00:02] [#]} e5 $146 ({Predecessor:} 11... O-O 12. Bc4 b6 13. O-O Bb7 {½-½ (13) Miroshnichenko,E (2621)-Ponomariov,R (2726) Kiev 2012}) 12. dxe5 Qxd2+ 13. Kxd2 O-O 14. Bb5 (14. Bc4 $14) 14... Na5 $11 15. Ke1 (15. Ke2 $11 {feels stronger.}) 15... Nb3 $15 16. Rd1 Bg4 17. Be2 Bxe2 18. Kxe2 Rac8 19. Rhe1 Rc2+ 20. Kf1 Rxb2 21. Rd7 (21. Re2 $11 {remains equal.} Rxe2 22. Kxe2) 21... Nc5 $17 22. Rdd1 Nd3 23. Re2 Rb3 24. Ra2 {[%emt 0:02:27] [#]} Rc8 (24... b5 $142 $1 25. Bg3 Re8) 25. Bg3 {[%emt 0:05:55] [#]} ({Better is} 25. a4) 25... h5 {[%emt 0:01:53] Black is much more active.} (25... b5 $142 $1 26. f3 h6 27. fxe4 Rc4) 26. f3 (26. a4 $142) 26... h4 27. Bxh4 Nxe5 28. Bg3 (28. fxe4 $17 {was worth a try.} Ng4 29. Kg1) 28... Nc4 $36 {[%emt 0:00:27][%mdl 2048] Black has strong initiative.} 29. Bf2 exf3 ({Not} 29... Nxe3+ 30. Bxe3 Rxe3 31. fxe4 $17) 30. gxf3 Nxe3+ 31. Bxe3 Rxe3 {[%emt 0:00:08] KRR-KRR} 32. Kg2 Rc6 (32... Rb3 $17 {...b5 is the strong threat.} 33. a4 Rcc3) 33. Rd4 {[%emt 0:01:46] Now White is beyond hope.} (33. Rd8+ $1 $15 Kh7 34. Rd7) 33... Rg6+ {[%emt 0:06:24] Black is clearly better.} 34. Rg4 (34. Kf2 $17 {is a better defense.} Rc3 35. Rd7) 34... Rxg4+ 35. fxg4 b6 36. a4 Re5 {[%emt 0:00:12] Weighted Error Value: White=0.31/Black=0.12 (very precise)} 0-1

[Event "IX Famalicao Open 2022"]
[Site "Vila Nova de Famalicao"]
[Date "2022.07.29"]
[Round "8.11"]
[White "Romano, Joao"]
[Black "Afonso, Joao Pedro"]
[Result "1-0"]
[ECO "A28"]
[WhiteElo "2029"]
[BlackElo "1653"]
[Annotator "TA"]
[PlyCount "137"]
[EventDate "2022.07.25"]
[EventType "tourn"]
[EventCountry "POR"]
[SourceTitle "playchess.com"]
[Source "ChessBase"]
[SourceQuality "1"]
[TimeControl "5400+30"]

1. c4 e5 2. Nc3 Nc6 3. Nf3 Nf6 4. e3 d5 5. cxd5 Nxd5 6. Bb5 Nxc3 7. bxc3 Bd6 8. d4 e4 {8...Bd7 is becoming the main line. A28: English Opening: Four Knights Variation.} 9. d5 (9. Nd2 $14 {stays ahead.}) 9... a6 $17 (9... exf3 $6 10. dxc6 O-O 11. Qxf3 $15) 10. dxc6 axb5 {Black is clearly better.} 11. Qd5 {[#]} bxc6 $146 (11... O-O $17 12. cxb7 Bxb7 13. Qxb7 exf3 14. Qxf3 Be5) ({Predecessor:} 11... exf3 12. cxb7 Bxb7 13. Qxb7 O-O 14. Qxf3 Qh4 15. Qc6 b4 16. Bb2 Qf6 17. Ke2 Ra5 18. Rhc1 Rc5 19. Qf3 Rf5 20. Qe4 Rxf2+ 21. Kd3 {0-1 (21) Lutsko,I (2313)-Kramich,A (1994) Minsk 2020}) 12. Qxc6+ $11 Bd7 13. Qxe4+ Be6 14. Nd4 Ra4 15. Nxe6 Rxe4 16. Nxd8 Kxd8 17. Ke2 c6 18. Rd1 Kc7 19. Rd4 $36 {[%mdl 2048] White is more active.} Rhe8 20. a4 {Threatens to win with axb5.} Rxd4 21. cxd4 $14 {[%mdl 4096] Endgame KRB-KRB} Ra8 22. a5 f5 23. Bd2 Kb7 24. Kd3 Rd8 25. Kc2 ({Better is} 25. a6+ $16 Ka7 26. Kc2) 25... Re8 (25... Ka6 $1 $11 {remains equal.}) 26. h3 ({White should try} 26. Kb3) 26... g5 27. f3 c5 28. dxc5 (28. g4 $16) 28... Bxc5 29. Re1 Ka6 30. e4 f4 31. Bc3 Rc8 {Hoping for ...Bd4.} 32. Kb3 b4 33. Bb2 ({And not} 33. Bxb4 Rb8 34. Kc4 Bxb4 $17) 33... Rd8 (33... Kxa5 $16 34. Rd1 Kb6) 34. e5 $2 (34. Bf6 $1 $18 Rd2 35. e5 (35. Bxg5 Rxg2 36. Bxf4 Kxa5 $16)) 34... Kb5 {[#]} (34... Kxa5 $11 35. Kc4 Rc8) 35. Re4 $2 ({White should play} 35. e6 $1 $16 ) 35... Rd3+ (35... Kxa5 $11 36. h4 gxh4) 36. Kc2 $16 Re3 37. e6 (37. Rxe3 $16 fxe3 38. Kd3) 37... Rxe4 38. fxe4 $14 {KB-KB} Be7 {Against Bf6} 39. Kb3 h5 40. Bc1 h4 41. Bb2 {Bg7 is the strong threat.} Kxa5 42. Kc4 $2 {[%mdl 8192] [#]} (42. Be5 $11 {and White has nothing to worry.}) 42... Kb6 $2 (42... g4 $1 $19 43. Be5 (43. hxg4 $2 Ka4 $19) 43... f3 44. gxf3 gxh3) 43. Bd4+ Kc6 44. Be5 b3 45. Kxb3 Kb5 46. Kc3 Kc5 $2 {[%mdl 8192] Black cannot hold the game after this.} (46... Kc6 $11) 47. Kd3 $18 {Ke2 would kill now.} Bd8 48. Ke2 {White mates.} Be7 49. Kf3 Kc4 50. Bg7 Kc5 51. Kg4 Kd6 52. Kf5 g4 53. Kxg4 Kxe6 54. Kxf4 Bc5 55. Kg4 Bf2 56. Kf3 Bg3 57. Bd4 Bd6 58. Bf2 Be7 59. Kg4 Ke5 60. Bxh4 Bf8 61. Kf3 Bh6 62. Bg3+ Ke6 63. Bf4 Bg7 64. g4 Kf6 65. g5+ Kg6 66. Kg4 Bc3 67. h4 Bd4 68. h5+ Kh7 69. Kf5 {Weighted Error Value: White=0.46/Black=0.45} 1-0

[Event "IX Famalicao Open 2022"]
[Site "Vila Nova de Famalicao"]
[Date "2022.07.30"]
[Round "9.1"]
[White "Abdisalimov, Abdimalik"]
[Black "Krishna C R G"]
[Result "1-0"]
[ECO "D15"]
[WhiteElo "2437"]
[BlackElo "2430"]
[Annotator "TA"]
[PlyCount "77"]
[EventDate "2022.07.25"]
[EventType "tourn"]
[EventCountry "POR"]
[SourceTitle "playchess.com"]
[Source "ChessBase"]
[SourceQuality "1"]
[TimeControl "5400+30"]

1. d4 d5 2. c4 c6 3. Nf3 Nf6 4. Nc3 a6 5. e3 Bf5 6. Ne5 {D15: Slav Defence: 4 Nc3 a6 and gambit lines after 4 Nc3 dxc4.} Nbd7 7. Qb3 Qc7 8. cxd5 {The position is equal.} (8. Nxd7 {feels hotter.} Qxd7 9. Na4 Qc7 10. Nb6) 8... Nxe5 9. dxe5 Nxd5 10. Nxd5 (10. Bc4 {looks sharper.} e6 11. e4 Nxc3 12. exf5 Qxe5+ 13. Be3) 10... cxd5 11. Bd2 Qxe5 12. Rc1 Bd7 13. Qb6 Qd6 14. Qxb7 Rb8 15. Qa7 {Black must now prevent Rc7.} Rxb2 16. Bxa6 {[#] Strongly threatening Bc8.} e5 $146 (16... f6 $11 {keeps the balance.} 17. a4 e5) ({Predecessor:} 16... f6 17. a4 Bxa4 18. Bc3 Rb3 19. O-O Qb8 20. Qd4 Bb5 21. Qxd5 Bxa6 22. Qc6+ Kf7 23. Qxa6 {½-½ (41) Dreev,A (2655)-Malakhov,V (2676) Sochi 2020}) 17. Bc8 $1 $16 {And now Bxd7+ would win.} Be7 (17... Bc6 $16 {might work better.}) 18. Bc3 $18 Bxc8 19. Bxb2 Qb4+ 20. Bc3 Qb5 21. a4 ({Inferior is} 21. Bxe5 Bb4+ 22. Bc3 Ba6 23. Qa8+ Ke7 24. Qa7+ Ke8 25. Qa8+ Kd7 26. Qa7+ Ke8 27. Qa8+ Ke7 28. Qa7+ Ke8 $17) 21... Qd3 22. Qb8 O-O {aiming for ...Ba6.} 23. Qb1 $1 ({Avoid the trap} 23. Qxe5 $2 Bf6 24. Qxd5 Qxd5 $19) 23... Qa6 24. Bxe5 Bd7 25. f3 Bh4+ 26. g3 $1 Bg5 27. Bd4 (27. f4 $18 Be7 28. Kf2) 27... Qa5+ $2 {[#] This costs Black the game.} (27... Bxe3 $1 $14 28. Bxe3 d4) 28. Ke2 $1 Bxa4 {Threatens to win with ...Bb5+.} 29. Rc5 {Against Bb5+} Qa6+ 30. Kf2 Be7 31. Rc7 Qe6 {[#]} 32. Bxg7 $1 Kxg7 33. Qa1+ Bf6 34. Qxa4 d4 35. exd4 Ra8 $2 (35... Rb8 36. Rc2 Rb3) 36. Qxa8 {White is clearly winning.} Bxd4+ {[#]} 37. Kf1 $1 Qe3 {[#]} 38. Rxf7+ $3 Kxf7 39. Qa2+ {Weighted Error Value: White=0.13 (very precise) /Black=0.27 (precise)} 1-0